 Dungeon Crawl Stone Soup version 0.30.1-11-g7821555f0a (webtiles) character file.

Game seed: 514565730547664940

30 tromp the Chopper (level 3, 33/33 HPs)
             Began as a Minotaur Berserker on Nov 18, 2023.
             Was a Follower of Trog.
             Quit the game on level 1 of the Dungeon.
             The game lasted 00:07:38 (819 turns).

tromp the Chopper (Minotaur Berserker)               Turns: 819, Time: 00:07:38

Health: 33/33      AC:  5    Str: 23    XL:     3   Next: 5%
Magic:  2/2        EV: 11    Int:  4    God:    Trog [*.....]
Gold:   46         SH:  0    Dex:  9    Spells: 2/2 levels left

rFire   . . .        a - +0 hand axe
rCold   . . .        (no shield)
rNeg    . . .        g - +0 ring mail
rPois   .            (helmet restricted)
rElec   .            (no cloak)
rCorr   .            (no gloves)
SInv    .            (no boots)
Will    .....        (no amulet) Stlth
                     (no ring)
HPRegen 0.25/turn    (no ring)
MPRegen 0.08/turn

%: no passive effects
@: no status effects
A: horns 2, retaliatory headbutt
a: Renounce Religion, Berserk


You were on level 1 of the Dungeon.
You worshipped Trog.
Trog was aware of your devotion.
You visited 1 branch of the dungeon, and saw 1 of its levels.

You collected 46 gold pieces.

Inventory:

Hand Weapons
 a - a +0 hand axe (weapon)
Armour
 b - a +0 animal skin
 g - a +0 ring mail (worn)
Scrolls
 d - 2 scrolls of fog
 f - a scroll of silence


   Skills:
 + Level 4.1 Fighting
 * Level 4.5 Axes
 + Level 2.6 Armour
 + Level 2.3 Dodging


You had 2 spell levels left.
You didn't know any spells.
Your spell library was empty.

Dungeon Overview and Level Annotations

Branches:
Dungeon (1/15)

Altars:

Shops:
D:1 *


Innate Abilities, Weirdness & Mutations

You have a pair of horns on your head.
You reflexively headbutt those who attack you in melee.


Message History

You open the door.
There is an open door here.
A rat comes into view.
You see here a +3 whip.
You barely miss the rat. The rat closely misses you.
You slash the rat!
You kill the rat!
Trog accepts your kill.
Found Mostareg's Assorted Antiques.
Found a scroll labelled PAS ENWERPHE.
Found a ring mail.
f - a scroll labelled PAS ENWERPHE
There is an entrance to Mostareg's Assorted Antiques here.
There's nothing to open nearby.
You see here a +0 ring mail.
g - a +0 ring mail You start removing your armour.
You continue taking off your +0 animal skin. x4
You finish taking off your +0 animal skin.
You start putting on your armour.
You continue putting on your +0 ring mail. x5
You finish putting on your +0 ring mail.
As you read the scroll labelled REZUYN VAYG, it crumbles to dust.
The scroll dissolves into smoke.
It was a scroll of fog.
As you read the scroll labelled FUPIQYRHEM, it crumbles to dust.
It is a scroll of amnesia.
You feel forgetful for a moment.
As you read the scroll labelled CEITOC FUENADE, it crumbles to dust.
It is a scroll of identify.
f - a scroll of silence
There is an entrance to Mostareg's Assorted Antiques here.
Found a stone staircase leading down.
There is an entrance to Mostareg's Assorted Antiques here.
There's nothing to open nearby.
There is an entrance to Mostareg's Assorted Antiques here.
Unknown command.
There's nothing to close nearby.
There's nothing to open nearby.
Unknown command.
Are you sure you want to abandon this character and quit the game? (Confirm with "yes".)

..... #.# #..#
..... #.# #..#
......#.#####).#
......#.#......#
..........####.#
+##+#.#.######.##
# #.........#
###.#######
#..@..# #.#.#.#
#.#.#.# #.#...#
#.###.# ..### #.#
#.# ....# #.# #.#
....## #.# #.#
.....## #.# #.#


There were no monsters in sight!

Vanquished Creatures
  A gnoll (D:1)
  A dart slug (D:1)
  2 ball pythons (D:1)
  5 endoplasms (D:1)
  A goblin (D:1)
  2 hobgoblins (D:1)
  2 kobolds (D:1)
  A bat (D:1)
  2 rats (D:1)
17 creatures vanquished.

Notes
Turn   | Place    | Note
-------+----------+-------------------------------------------
     0 | D:1      | tromp the Minotaur Berserker began the quest for the Orb.
     0 | D:1      | Reached XP level 1. HP: 19/19 MP: 0/0
    49 | D:1      | Reached XP level 2. HP: 26/27 MP: 1/1
   214 | D:1      | Found a faded altar of an unknown god.
   554 | D:1      | Reached XP level 3. HP: 32/33 MP: 2/2
   735 | D:1      | Found Mostareg's Assorted Antiques.
   819 | D:1      | Quit the game

Illustrated notes

Levels and vault maps discovered:
D:1:      spicycebolla_arrival_xxxplode, layout_basic,
          chequers_ecumenical_altar_twisty, serial_shops, nicolae_shop_crystal

Skill      XL: |  1  2 |
---------------+-------+-----
Axes           | 4 |  4.5
Fighting       | 4 |  4.1
Armour         | |  2.6
Dodging        | |  2.3

Action                     || total
---------------------------++-------
  Melee: Hand axe          ||    38
         Punch             ||     1
         Headbutt          ||     4
    Use: Scroll            ||     3
 Armour: Animal skin       ||     6
  Dodge: Dodged            ||    21
